 Dungeon Crawl Stone Soup version 0.26-a0-830-g2a559e7be2 (webtiles) character file.

Game seed: 16660483949292382244

592 Gatan the Digger (level 7, -13/36 HPs)
             Began as a Gargoyle Earth Elementalist on Nov 15, 2020.
             Mangled by an ogre
             ... wielding a cursed -1 giant club
              (15 damage)
             ... on level 4 of the Dungeon.
             The game lasted 00:09:32 (3547 turns).

Gatan the Digger (Gargoyle Earth Elementalist)      Turns: 3547, Time: 00:09:33

Health: -13/36     AC:  7    Str: 12    XL:     7   Next: 39%
Magic:  9/13       EV: 12    Int: 19    God:
Gold:   152        SH:  0    Dex: 10    Spells: 6/15 levels left

rFire    . . .     SeeInvis .   j - +2 dagger (venom)
rCold    . . .     Faith    .   (no shield)
rNeg     + . .     Spirit   .   c - +1 robe
rPois    ∞         Reflect  .   (helmet restricted)
rElec    +         Harm     .   (no cloak)
rCorr    .         Rampage  .   (no gloves)
MR       .....                  (no boots)
Stlth    ++........             (no amulet)
HPRegen  0.12/turn              (no ring)
MPRegen  0.13/turn              (no ring)

@: no status effects
A: antennae 2, clever 1, negative energy resistance 1, electricity resistance,
unbreathing, petrification resistance, rot immunity, AC +4
a: no special abilities


You were on level 4 of the Dungeon.
You visited 1 branch of the dungeon, and saw 4 of its levels.

You collected 152 gold pieces.

Inventory:

Hand Weapons
 a - a +0 club
 d - a +0 short sword
 j - a +2 dagger of venom (weapon)
Missiles
 b - 70 stones (quivered)
Armour
 c - a +1 robe (worn)
 f - the +1 helmet "Fihiew" {+Fly Dex+3}
   (You took it off Robin on level 3 of the Dungeon)

   It affects your dexterity (+3).
   It lets you fly.
Wands
 m - a wand of disintegration (9)
Scrolls
 g - a scroll of identify
Potions
 e - a potion of flight
 h - a potion of attraction
 i - a potion of curing
 k - a potion of resistance
 n - a potion of brilliance


   Skills:
 - Level 1.5 Dodging
 - Level 2.1 Stealth
 + Level 4.5 Spellcasting
 + Level 4.2 Conjurations
   Level 0.7 Transmutations
 + Level 6.6 Earth Magic


You had 6 spell levels left.
You knew the following spells:

 Your Spells              Type           Power        Failure   Level
a - Sandblast             Erth           ####..       1%          1
b - Stone Arrow           Conj/Erth      ####..       4%          3
c - Lee's Rapid Deconstr  Erth           ####......   24%         5

Your spell library contained the following spells:

 Spells                   Type           Power        Failure   Level
 Passwall                 Tmut/Erth      ###.....     4%          2
 Petrify                  Tmut/Erth      ###.....     28%         4


Dungeon Overview and Level Annotations

Branches:
Dungeon (4/15)             Temple (0/1) D:4

Altars:
Gozag

Shops:
D:3 *


Innate Abilities, Weirdness & Mutations

You are resistant to torment.
Your stone body is resilient. (AC +4)
You are immune to poison.
You resist negative energy. (rN+)
You are resistant to electric shocks. (rElec)
You can survive without breathing.
You are immune to petrification.
You are immune to rotting.
You have a pair of antennae on your head.
Your mind is acute. (Int +2)


Message History

Casting: Sandblast (safe; 1% risk of failure)
Confirm with . or Enter, or press ? or * to list all spells.
Aiming: Sandblast (safe; 1% risk of failure)
Press: ? - help, Shift-Dir - straight line, f - ogre
Aim: an ogre, wielding a -1 giant club The blast of sand hits the ogre!!
The ogre is severely wounded.
b - 71 stones The ogre hits you with a cursed -1 giant club!
* * * LOW HITPOINT WARNING * * *
Casting: Sandblast (safe; 1% risk of failure)
Confirm with . or Enter, or press ? or * to list all spells.
Aiming: Sandblast (safe; 1% risk of failure)
Press: ? - help, Shift-Dir - straight line, f/p - ogre
Aim: an ogre, wielding a -1 giant club (severely wounded)
The blast of sand hits the ogre!
The ogre is almost dead.
b - 70 stones The ogre hits you with a cursed -1 giant club!
You die...

##.## #... .#### #..# #...#
#..### # #...# #....##.# #...#
##.. #.# .##.####...#######....
## ##)##....................og ..
...).............O......#o. .#
#.##..........).@.......#.#..#
........#####.).#######.#.#{.###$
#.....#.# #).[# #...{......
......# # #...# #.# .....##.#
#...# ###{#### #.......# #...#
#......# ## ##...########...####
#.#.##{# #. .##......[.........#
#.#.##g###.
.....#.####..#.##..####.#...o.<..


You could see an ogre.

Vanquished Creatures
  2 hounds
  5 orc priests
  3 orc wizards
  An iguana (D:4)
  A jelly (D:4)
  2 worker ants
  Ijyb (D:4)
  A howler monkey zombie (D:3)
  Robin (D:3)
  5 adders
  An ooze (D:1)
  4 worms
  A dart slug (D:3)
  13 orcs
  2 giant cockroaches
  13 goblins
  10 hobgoblins
  4 jackals (D:1)
  7 kobolds
  2 quokkas
  2 ball pythons
  8 bats
  6 frilled lizards
  2 rats (D:3)
97 creatures vanquished.

Notes
Turn   | Place    | Note
-------+----------+-------------------------------------------
     0 | D:1      | Gatan the Gargoyle Earth Elementalist began the quest for
                  | the Orb.
     0 | D:1      | Reached XP level 1. HP: 10/10 MP: 3/3
   282 | D:1      | Reached skill level 4 in Earth Magic
   282 | D:1      | Reached XP level 2. HP: 15/15 MP: 5/5
   517 | D:1      | Reached XP level 3. HP: 19/19 MP: 6/6
   521 | D:1      | Learned a level 3 spell: Stone Arrow
   978 | D:2      | Reached skill level 1 in Conjurations
  1261 | D:2      | Reached XP level 4. HP: 16/24 MP: 8/8
  1514 | D:3      | Gained mutation: You have a pair of small antennae on your
                  | head. [potion of mutation]
  1514 | D:3      | Gained mutation: You are weak. (Str -2) [potion of
                  | mutation]
  1514 | D:3      | Gained mutation: You are somewhat resistant to further
                  | mutation. [potion of mutation]
  1515 | D:3      | Lost mutation: You are somewhat resistant to further
                  | mutation. [potion of mutation]
  1515 | D:3      | Lost mutation: You are weak. (Str -2) [potion of mutation]
  1515 | D:3      | Gained mutation: Your mind is acute. (Int +2) [potion of
                  | mutation]
  1515 | D:3      | Gained mutation: You have a pair of antennae on your head.
                  | [potion of mutation]
  1640 | D:3      | Found an opulent altar of Gozag.
  1651 | D:3      | Found Gozag's Platinum Reserve.
  1757 | D:3      | Reached skill level 5 in Earth Magic
  1757 | D:3      | Reached XP level 5. HP: 26/28 MP: 3/9
  1994 | D:3      | Identified the +1 helmet "Fihiew" {+Fly Dex+3}
  1994 | D:3      | Noticed Robin
  2026 | D:3      | Killed Robin
  2280 | D:3      | Learned a level 5 spell: Lee's Rapid Deconstruction
  2442 | D:3      | Reached XP level 6. HP: 32/32 MP: 9/11
  2986 | D:4      | Noticed Ijyb
  3156 | D:4      | Reached skill level 6 in Earth Magic
  3179 | D:4      | Killed Ijyb
  3272 | D:4      | Reached XP level 7. HP: 24/36 MP: 7/13
  3311 | D:4      | Found a staircase to the Ecumenical Temple.
  3547 | D:4      | Mangled by an ogre

Illustrated notes

Levels and vault maps discovered:
D:1:      lemuel_arrival_rhombus, layout_basic, st_stairs_3,
          minmay_crystal_water
D:2:      layout_rooms, nicolae_underground_beach
D:3:      layout_loops_ring, nicolae_gozag_zags_fifth_avenue, uniq_robin
D:4:      layout_loops_cross, minmay_temple_entry_waves, gup_sewer_entry_spiral,
          uniq_ijyb, uniq_crazy_yiuf_cottage

Skill      XL: |  1  2  3  4  5  6  7 |
---------------+----------------------+-----
Earth Magic    | 4 5 6 |  6.6
Conjurations   | 1 2 3 4 |  4.2
Spellcasting   | 3 4 |  4.5
Dodging        | |  1.5
Stealth        | |  2.1
Transmutations | |  0.7

Action                   |  1- 3 |  4- 6 |  7- 9 || total
-------------------------+-------+-------+-------++-------
Melee: Unarmed           |    11 |       |       ||    11
       Club              |    10 |       |       ||    10
       Short sword       |    65 |   177 |    19 ||   261
 Cast: Sandblast         |     7 |    49 |    23 ||    79
       Lee's Rapid Decon |       |     1 |       ||     1
Evoke: Wand              |       |     2 |       ||     2
  Use: Scroll            |       |    12 |     1 ||    13
       Potion            |       |     4 |     1 ||     5
 Stab: Sleeping          |     5 |     1 |       ||     6
Armor: Robe              |    27 |    78 |    10 ||   115
Dodge: Dodged            |    57 |   132 |    26 ||   215

Table legend: (Time is in decaauts)
 A = Elapsed time spent in this place.
 B = Non-inter-level travel time spent in this place.
 C = Inter-level travel time spent in this place.
 D = Time resting spent in this place.
 E = Time spent auto-exploring this place.
 F = Levels seen in this place.
 G = Mean time per level.
                   A        B        C        D        E       F      G
               +--------+--------+--------+--------+--------+-----+--------+
         Total |   3556 |   3435 |    121 |    376 |   2013 |   4 |  889.0 |
       Dungeon |   3556 |   3435 |    121 |    376 |   2013 |   4 |  889.0 |
               +--------+--------+--------+--------+--------+-----+--------+

Top non-repeatable levels by time:
     D:3: 1479 daAuts
     D:1: 769 daAuts
     D:2: 737 daAuts
     D:4: 570 daAuts
